 Dungeon Crawl Stone Soup version 0.26-a0-661-g406de6ba63 (webtiles) character file.

Game seed: 4239004143261444657

770 Gargoyl the Skirmisher (level 7, -1/60 HPs)
             Began as a Gnoll Abyssal Knight on Oct 8, 2020.
             Was a Priest of Lugonu.
             Slain by an ogre
             ... wielding a +0 giant club
              (17 damage)
             ... on level 5 of the Dungeon on Oct 9, 2020.
             The game lasted 00:05:51 (3514 turns).

Gargoyl the Skirmisher (Gnoll Abyssal Knight)       Turns: 3514, Time: 00:05:52

Health: -1/60      AC: 18    Str: 16    XL:     7   Next: 82%
Magic:  11/11      EV:  6    Int: 19    God:    Lugonu [***...]
Gold:   259        SH:  0    Dex: 14    Spells: 11/11 levels left

rFire    + . .     SeeInvis .   c - +2 flail of Wecw {venom, rC+ MR+ Int+4}
rCold    + . .     Faith    .   (no shield)
rNeg     . . .     Spirit   .   b - +0 plate armour
rPois    +         Reflect  .   w - +0 helmet
rElec    .         Harm     .   d - +1 cloak
rCorr    .         Rampage  .   (no gloves)
MR       +....                  z - +1 pair of boots
Stlth    ..........             k - amulet of regeneration
HPRegen  0.60/turn              j - ring of poison resistance
MPRegen  0.12/turn              x - ring of protection from fire

@: no status effects
A: distributed training, fangs 1, strong nose
a: Depart the Abyss, Bend Space, Banish, Renounce Religion


You were on level 5 of the Dungeon.
You worshipped Lugonu.
Lugonu was most pleased with you.
You visited 1 branch of the dungeon, and saw 5 of its levels.
You visited the Abyss 1 time.

You collected 259 gold pieces.

Inventory:

Hand Weapons
 a - a +3 hand axe
 c - the +2 flail of Wecw (weapon) {venom, rC+ MR+ Int+4}
   (You found it on level 2 of the Abyss)

   It poisons the flesh of those it strikes.
   It affects your intelligence (+4).
   It protects you from cold.
   It affects your resistance to hostile enchantments.
Missiles
 r - 13 poisoned darts (quivered)
Armour
 b - a +0 plate armour (worn)
 d - a +1 cloak (worn)
 w - a +0 helmet (worn)
 z - a +1 pair of boots (worn)
Jewellery
 j - a ring of poison resistance (left hand)
 k - an amulet of regeneration (around neck)
 m - an uncursed ring of protection from cold
 x - a ring of protection from fire (right hand)
Wands
 e - a wand of acid (13)
Scrolls
 i - 4 scrolls of identify
 n - 5 scrolls of remove curse
 s - a scroll of enchant armour
 u - a scroll of teleportation
Potions
 f - 3 potions of curing {unknown}
 g - 2 potions of brilliance {unknown}
 h - a potion of might {unknown}
 l - a potion of invisibility {unknown}
 o - a potion of haste {unknown}
 p - a potion of mutation {unknown}
 q - a potion of lignification {unknown}
 t - a potion of berserk rage {unknown}
 v - a potion of heal wounds {unknown}


   Skills:
 + Level 7.1 Fighting
 + Level 2.7 Short Blades
 + Level 2.7 Long Blades
 + Level 5.4 Axes
 + Level 2.7 Maces & Flails
 + Level 2.7 Polearms
 + Level 2.7 Staves
 + Level 2.7 Slings
 + Level 2.7 Bows
 + Level 2.7 Crossbows
 + Level 2.7 Throwing
 + Level 5.4 Armour
 + Level 3.8 Dodging
 + Level 2.7 Stealth
 + Level 2.7 Shields
 + Level 2.7 Unarmed Combat
 + Level 2.7 Spellcasting
 + Level 2.2 Conjurations
 + Level 2.2 Hexes
 + Level 2.2 Summonings
 + Level 2.2 Necromancy
 + Level 2.2 Translocations
 + Level 2.2 Transmutations
 + Level 2.2 Fire Magic
 + Level 2.2 Ice Magic
 + Level 2.2 Air Magic
 + Level 2.2 Earth Magic
 + Level 2.2 Poison Magic
 + Level 5.5 Invocations
 + Level 2.7 Evocations


You had 11 spell levels left.
You didn't know any spells.
Your spell library was empty.

Dungeon Overview and Level Annotations

Branches:
Dungeon (5/15)
 Temple: D:4-7

Altars:
Dithmenos

Shops:
D:4 =


Innate Abilities, Weirdness & Mutations

Your experience applies equally to all skills.
You have very sharp teeth.
Your uncanny sense of smell can sniff out nearby items.


Message History

Lugonu accepts your kill. The ogre barely misses you.
Your plate armour prevents you from hitting the ogre.
You bite the ogre.
The ogre is lightly wounded.
The ogre closely misses you.
You hit the ogre.
The ogre is moderately wounded.
The ogre hits you with a +0 giant club!
You closely miss the ogre.
The ogre is moderately wounded.
The ogre hits you with a +0 giant club.
You sock the ogre!
The ogre is poisoned.
The ogre is heavily wounded.
The ogre hits you with a +0 giant club!
* * * LOW HITPOINT WARNING * * *
You hit the ogre.
The ogre looks as sick as possible!
The ogre is almost dead.
The ogre hits you with a +0 giant club!
You die...

........ #......##
##.......####
#............
#......... #.###.....#
#......).# #######O##
#####@# #.....#
#.##........
#.##.....##.
###.##........
##.#...........
###.####.#.###.....##.
........###.###.####
###.####...### ...


You could see an ogre (extremely poisoned).

Vanquished Creatures
  Grinder (D:2)
  An ogre (D:3)
  A gnoll sergeant (D:5)
  An orc priest (D:4)
  2 iguanas
  Natasha (thrice) (D:2)
  A worker ant (D:4)
  8 gnolls
  10 adders
  An ufetubus (D:5)
  An adder zombie (D:5)
  4 worms
  2 dart slugs (D:1)
  2 leopard geckos
  6 orcs
  6 giant cockroaches
  3 hobgoblins
  5 jackals
  A quokka (D:2)
  2 ball pythons
  3 bats
  3 frilled lizards
  A giant cockroach zombie (D:5)
  4 goblins
  9 kobolds
  6 rats
87 creatures vanquished.

Notes
Turn   | Place    | Note
-------+----------+-------------------------------------------
     0 | Abyss:1  | Gargoyl the Gnoll Abyssal Knight began the quest for the
                  | Orb.
     0 | Abyss:1  | Reached XP level 1. HP: 23/23 MP: 3/3
    93 | Abyss:2  | Got a faintly glowing flail
    94 | Abyss:2  | Identified the +2 flail of Wecw {venom, rC+ MR+ Int+4} (You
                  | found it on level 2 of the Abyss)
   109 | Abyss:2  | Noticed a starcursed mass
   136 | Abyss:2  | Noticed a thrashing horror
   136 | Abyss:2  | Noticed an ancient zyme
   138 | D:1      | Escaped the Abyss
   309 | D:1      | Reached * piety under Lugonu
   546 | D:1      | Reached XP level 2. HP: 29/29 MP: 5/5
   928 | D:1      | Reached XP level 3. HP: 35/35 MP: 6/6
  1162 | D:2      | Upgraded the game from 0.26-a0-660-gc07710193c to
                  | 0.26-a0-661-g406de6ba63
  1412 | D:2      | Noticed Natasha
  1424 | D:2      | Killed Natasha
  1424 | D:2      | Reached skill level 1 in Short Blades
  1424 | D:2      | Reached skill level 1 in Long Blades
  1424 | D:2      | Reached skill level 1 in Maces & Flails
  1424 | D:2      | Reached skill level 1 in Polearms
  1424 | D:2      | Reached skill level 1 in Staves
  1424 | D:2      | Reached skill level 1 in Slings
  1424 | D:2      | Reached skill level 1 in Bows
  1424 | D:2      | Reached skill level 1 in Crossbows
  1424 | D:2      | Reached skill level 1 in Throwing
  1424 | D:2      | Reached skill level 1 in Stealth
  1424 | D:2      | Reached skill level 1 in Shields
  1424 | D:2      | Reached skill level 1 in Unarmed Combat
  1424 | D:2      | Reached skill level 1 in Spellcasting
  1424 | D:2      | Reached skill level 1 in Evocations
  1424 | D:2      | Reached XP level 4. HP: 35/41 MP: 7/7
  1532 | D:2      | Noticed Natasha
  1541 | D:2      | Killed Natasha
  1541 | D:2      | Reached skill level 1 in Conjurations
  1541 | D:2      | Reached skill level 1 in Hexes
  1541 | D:2      | Reached skill level 1 in Summonings
  1541 | D:2      | Reached skill level 1 in Necromancy
  1541 | D:2      | Reached skill level 1 in Translocations
  1541 | D:2      | Reached skill level 1 in Transmutations
  1541 | D:2      | Reached skill level 1 in Fire Magic
  1541 | D:2      | Reached skill level 1 in Ice Magic
  1541 | D:2      | Reached skill level 1 in Air Magic
  1541 | D:2      | Reached skill level 1 in Earth Magic
  1541 | D:2      | Reached skill level 1 in Poison Magic
  1554 | D:2      | Noticed Natasha
  1561 | D:2      | Killed Natasha
  1561 | D:2      | Reached XP level 5. HP: 36/47 MP: 8/8
  1888 | D:3      | Noticed Grinder
  1898 | D:2      | Paralysed by Grinder for 5 turns
  1913 | D:2      | Killed Grinder
  1913 | D:2      | Reached ** piety under Lugonu
  1913 | D:2      | Reached skill level 5 in Axes
  1913 | D:2      | Reached skill level 5 in Armour
  1913 | D:2      | Reached skill level 5 in Invocations
  1913 | D:2      | Reached XP level 6. HP: 42/53 MP: 9/9
  2118 | D:3      | Reached XP level 7. HP: 59/59 MP: 10/10
  2228 | D:3      | Found a shadowy altar of Dithmenos.
  2518 | D:4      | Reached skill level 7 in Fighting
  3076 | D:4      | Reached *** piety under Lugonu
  3081 | D:4      | Found Fonodiol's Jewellery Shop.
  3286 | D:5      | Entered Level 5 of the Dungeon
  3514 | D:5      | Slain by an ogre

Illustrated notes

Levels and vault maps discovered:
D:1:      co_arrival_square_in_a_square_in_a_square, layout_loops_ring
D:2:      layout_basic, uniq_natasha
D:3:      layout_rooms, grunt_dithmenos_smoke_and_mirrors, serial_glass,
          glass_columns_a, glass_columns_b, uniq_grinder
D:4:      layout_basic, serial_shops, shop, mrwooster_statue_mirror
D:5:      layout_loops_cross

Skill      XL: |  1  2  3  4  5  6  7 |
---------------+----------------------+-----
Short Blades   | 1 2 |  2.7
Long Blades    | 1 2 |  2.7
Maces & Flails | 1 2 |  2.7
Polearms       | 1 2 |  2.7
Staves         | 1 2 |  2.7
Slings         | 1 2 |  2.7
Bows           | 1 2 |  2.7
Crossbows      | 1 2 |  2.7
Throwing       | 1 2 |  2.7
Stealth        | 1 2 |  2.7
Shields        | 1 2 |  2.7
Unarmed Combat | 1 2 |  2.7
Spellcasting   | 1 2 |  2.7
Evocations     | 1 2 |  2.7
Conjurations   | 1 2 |  2.2
Hexes          | 1 2 |  2.2
Summonings     | 1 2 |  2.2
Necromancy     | 1 2 |  2.2
Translocations | 1 2 |  2.2
Transmutations | 1 2 |  2.2
Fire Magic     | 1 2 |  2.2
Ice Magic      | 1 2 |  2.2
Air Magic      | 1 2 |  2.2
Earth Magic    | 1 2 |  2.2
Poison Magic   | 1 2 |  2.2
Axes           | 5 |  5.4
Armour         | 5 |  5.4
Dodging        | 3 |  3.8
Invocations    | 5 |  5.5
Fighting       | 7 |  7.1

Action                   |  1- 3 |  4- 6 |  7- 9 || total
-------------------------+-------+-------+-------++-------
Melee: Flail             |    66 |    62 |   139 ||   267
       Bite              |     5 |     5 |    17 ||    27
       Punch             |       |       |     2 ||     2
Invok: Depart the Abyss  |     1 |       |       ||     1
  Use: Scroll            |     3 |     3 |     6 ||    12
       Potion            |     1 |       |       ||     1
Armor: Leather armour    |    11 |       |       ||    11
       Ring mail         |    14 |       |       ||    14
       Plate armour      |    14 |    55 |   186 ||   255
Dodge: Dodged            |    33 |    16 |   100 ||   149

Table legend: (Time is in decaauts)
 A = Elapsed time spent in this place.
 B = Non-inter-level travel time spent in this place.
 C = Inter-level travel time spent in this place.
 D = Time resting spent in this place.
 E = Time spent auto-exploring this place.
 F = Levels seen in this place.
 G = Mean time per level.
                   A        B        C        D        E       F      G
               +--------+--------+--------+--------+--------+-----+--------+
         Total |   3596 |   3461 |    135 |    310 |   2242 |   7 |  513.7 |
       Dungeon |   3459 |   3324 |    135 |    310 |   2160 |   5 |  691.8 |
         Abyss |    137 |    137 |      0 |      0 |     82 |   2 |   68.5 |
               +--------+--------+--------+--------+--------+-----+--------+

Top non-repeatable levels by time:
     D:1: 1024 daAuts
     D:4: 909 daAuts
     D:2: 803 daAuts
     D:3: 594 daAuts
     D:5: 127 daAuts
 Abyss:2: 72 daAuts
 Abyss:1: 65 daAuts
